 Dungeon Sprint DCSS version 0.21.1-1-g345015f (webtiles) character file.

11309 Fang the Executioner (level 11, -4/133 HPs)
             Began as a Minotaur Berserker on June 5, 2018.
             Was the Champion of Trog.
             Slain by a sixfirhy (11 damage)
             ... summoned by an orc high priest
             ... in the Dungeon (Sprint IX: "|||||||||||||||||||||||||||||").
             The game lasted 00:05:37 (1994 turns).

Fang the Executioner (Minotaur Berserker)           Turns: 1994, Time: 00:05:37

Health: -4/133     AC: 19    Str: 26    XL:     11   Next: 47%
Magic:  3/3        EV: 14    Int:  6    God:    Trog [******]
Gold:   1280       SH:  0    Dex: 12    Spells: 10/10 levels left

rFire    . . .     SeeInvis .   x - +6 executioner's axe (antimagic)
rCold    . . .     Gourm    .   (shield currently unavailable)
rNeg     . . .     Faith    .   y - +4 chain mail
rPois    .         Spirit   .   (helmet restricted)
rElec    .         Reflect  .   (no cloak)
rCorr    .         Harm     .   (no gloves)
MR       .....     NoTele   +   (no boots)
Stlth    ..........             (no amulet)
HPRegen  0.32/turn              p - +2 ring of protection
MPRegen  0.08/turn              o - +3 ring of dexterity

@: berserk cooldown, slowed, very slow
A: retaliatory headbutt, horns 2, molten scales 1, clever 1, robust 1, subdued
magic 1
a: Berserk, Trog's Hand, Brothers in Arms, Burn Spellbooks, Renounce Religion


You were in the Dungeon.
You worshipped Trog.
Trog was exalted by your worship.
You were very hungry.

You visited 1 branch You collected 1280 gold pieces.

Inventory:

Hand Weapons
 n - a +3 executioner's axe of chopping
 q - a +3 battleaxe of flaming
 w - a +4 antimagic battleaxe
 x - a +6 antimagic executioner's axe (weapon)
Armour
 y - a +4 chain mail (worn)
Jewellery
 o - a +3 ring of dexterity (right hand)
 p - a +2 ring of protection (left hand)
Wands
 m - a wand of iceblast (10)
Scrolls
 i - 2 scrolls of blinking
 l - 5 scrolls of remove curse
 s - a scroll of identify
 t - 2 scrolls of enchant armour
 u - a scroll of fog
 v - 2 scrolls of enchant weapon
Potions
 d - 4 potions of curing
 e - 4 potions of heal wounds
 f - a potion of haste
 g - 5 potions of magic
 h - a potion of berserk rage
 k - a potion of invisibility
 r - 3 potions of brilliance
Comestibles
 c - 12 rations


   Skills:
 + Level 18.9 Fighting
 + Level 21.4 Axes
 + Level 8.9 Armour
 + Level 11.6 Dodging
 + Level 2.0 Stealth


You had 10 spell levels left.
You didn't know any spells.

Dungeon Overview and Level Annotations

Branches:
Dungeon (1/1)

Altars:
Cheibriados
Dithmenos
Elyvilon
Fedhas
Gozag
Hepliaklqana
Kikubaaqudgha
Makhleb
Nemelex Xobeh
Okawaru
Qazlal
Ru
Sif Muna
Trog
Uskayaw
Vehumet
Wu Jian
Xom
Yredelemnul
Zin
The Shining One
Beogh
Jiyva
Lugonu

Shops:
D %(:


Innate Abilities, Weirdness & Mutations

You reflexively headbutt those who attack you in melee.
You have a pair of horns on your head.
You are partially covered in molten scales. (AC +2)
Your mind is acute. (Int +2)
You are robust. (+10% HP)
Your spells are a little easier to cast, but a little less powerful.


Message History

The neqoxec gestures.
The orc knight closely misses you.
Unknown command.
You slice the orc knight!!
You kill the orc knight!
Trog accepts your kill.
Your Stealth skill increases to level 2!
The sixfirhy hits you!
* * * LOW HITPOINT WARNING * * *
The sixfirhy shocks you!
* * * LOW HITPOINT WARNING * * *
The sixfirhy hits you.
* * * LOW HITPOINT WARNING * * *
The sixfirhy shocks you!
* * * LOW HITPOINT WARNING * * *
The sixfirhy barely misses you. You furiously retaliate!
You headbutt the sixfirhy. The sixfirhy hits you.
* * * LOW HITPOINT WARNING * * *
The sixfirhy shocks you!
You die...

______________'.?|)[[[..'.)....')
▓▓▓▓▓▓▓▓▓▓▓▓▓▓▓▓▓▓▓▓▓▓▓▓▓▓▓▓▓▓▓▓▓
.................................
▓▓▓▓▓▓▓▓▓▓▓▓▓▓▓▓▓▓▓▓▓▓▓▓▓▓▓▓▓▓▓▓▓
....)........)÷..........).'..[[[
▓▓▓▓▓▓▓▓▓▓▓▓▓▓▓▓▓▓▓▓▓▓▓▓▓▓▓▓▓▓▓▓▓
.................................
▓▓▓▓▓▓▓▓▓▓▓▓▓▓▓▓▓▓▓▓▓▓▓▓▓▓▓▓▓▓▓▓▓
)))[..).....('))@3$o4o33
▓▓▓▓▓▓▓▓▓▓▓▓▓▓▓▓▓▓▓▓▓▓▓▓


You could see 2 orc high priests, a sun demon, a rust devil, a sixfirhy and a
neqoxec.

Vanquished Creatures
  Harold (D)
  A centaur warrior (D)
  A two-headed ogre (D)
  2 orc high priests (D)
  3 orc knights (D)
  An ugly thing (D)
  A black mamba (D)
  4 spiny frogs (D)
  A polar bear (D)
  3 blink frogs (D)
  3 tyrant leeches (D)
  A hippogriff (D)
  A yak (D)
  Grum (D)
  2 wyverns (D)
  A vampire mosquito (D)
  2 water moccasins (D)
  2 porcupines (D)
  A sky beast (D)
  10 orc warriors (D)
  A black bear (D)
  An ogre (D)
  5 wolves (D)
  A crocodile (D)
  A big kobold (D)
  4 bullfrogs (D)
  A wight (D)
  A crimson imp (D)
  4 orc priests (D)
  An iguana (D)
  6 orc wizards (D)
  3 worker ants (D)
  An adder (D)
  A shadow imp (D)
  5 orcs (D)
  A bat (D)
  A hobgoblin (D)
  A jackal (D)
  A kobold (D)
  2 rats (D)
84 creatures vanquished.

Notes
Turn   | Place    | Note
-------+----------+-------------------------------------------
     0 | D        | Fang the Minotaur Berserker began the quest for the Orb.
     0 | D        | Reached XP level 1. HP: 19/19 MP: 0/0
     7 | D        | Reached skill level 4 in Axes
     8 | D        | Reached ** piety under Trog
    51 | D        | Noticed an ogre
    51 | D        | Noticed a sky beast
    51 | D        | Noticed a crimson imp
    51 | D        | Noticed a worker ant
    54 | D        | Killed an ogre
    54 | D        | Reached skill level 7 in Axes
    54 | D        | Reached XP level 2. HP: 34/34 MP: 1/1
    54 | D        | Reached XP level 3. HP: 39/39 MP: 2/2
    54 | D        | Reached XP level 4. HP: 47/47 MP: 3/3
    56 | D        | Killed a sky beast
    56 | D        | Reached *** piety under Trog
    56 | D        | Reached skill level 9 in Axes
    56 | D        | Reached XP level 5. HP: 57/57 MP: 4/4
    65 | D        | Reached skill level 10 in Axes
    65 | D        | Reached skill level 5 in Armour
    75 | D        | Found a roughly hewn altar of Beogh.
    75 | D        | Found a snail-covered altar of Cheibriados.
    75 | D        | Found a shadowy altar of Dithmenos.
    75 | D        | Found a white marble altar of Elyvilon.
    75 | D        | Found a blossoming altar of Fedhas.
    75 | D        | Found an opulent altar of Gozag.
    76 | D        | Found a hazy altar of Hepliaklqana.
    77 | D        | Found a viscous altar of Jiyva.
    78 | D        | Found an ancient bone altar of Kikubaaqudgha.
    79 | D        | Found a corrupted altar of Lugonu.
    80 | D        | Found a burning altar of Makhleb.
    81 | D        | Found a sparkling altar of Nemelex Xobeh.
    82 | D        | Found an iron altar of Okawaru.
    83 | D        | Found a stormy altar of Qazlal.
    84 | D        | Found a sacrificial altar of Ru.
    85 | D        | Found a deep blue altar of Sif Muna.
    86 | D        | Found a bloodstained altar of Trog.
    87 | D        | Found a hide-covered altar of Uskayaw.
    88 | D        | Found a radiant altar of Vehumet.
    89 | D        | Found an ornate altar of the Wu Jian Council.
    90 | D        | Found a shimmering altar of Xom.
    91 | D        | Found a basalt altar of Yredelemnul.
    92 | D        | Found a glowing silver altar of Zin.
    93 | D        | Found a glowing golden altar of the Shining One.
   123 | D        | Reached **** piety under Trog
   123 | D        | Reached skill level 10 in Fighting
   123 | D        | Reached XP level 6. HP: 66/66 MP: 1/5
   130 | D        | Reached skill level 5 in Dodging
   132 | D        | Reached skill level 11 in Axes
   134 | D        | Reached ***** piety under Trog
   178 | D        | Noticed a purple ugly thing
   178 | D        | Noticed a two-headed ogre
   178 | D        | Noticed a centaur warrior
   178 | D        | Noticed a wyvern
   189 | D        | Killed a purple ugly thing
   189 | D        | Reached skill level 13 in Axes
   189 | D        | Reached XP level 7. HP: 78/78 MP: 2/6
   193 | D        | Killed a two-headed ogre
   193 | D        | Received a gift from Trog
   193 | D        | Reached skill level 14 in Axes
   193 | D        | Reached XP level 8. HP: 83/88 MP: 2/7
   198 | D        | Killed a centaur warrior
   198 | D        | Reached skill level 15 in Axes
   198 | D        | Reached XP level 9. HP: 77/96 MP: 2/8
   199 | D        | Reached skill level 16 in Axes
   463 | D        | Gained mutation: You have large cloven feet. [potion of mutation]
   463 | D        | Gained mutation: You occasionally shout uncontrollably at your foes. [potion of mutation]
   463 | D        | Gained mutation: You are robust. (+10% HP) [potion of mutation]
   464 | D        | Lost mutation: You occasionally shout uncontrollably at your foes. [potion of mutation]
   464 | D        | Lost mutation: You have large cloven feet. [potion of mutation]
   464 | D        | Gained mutation: Your spells are a little easier to cast, but a little less powerful. [potion of mutation]
   464 | D        | Gained mutation: You are partially covered in molten scales. (AC +2) [potion of mutation]
   464 | D        | Gained mutation: Your mind is acute. (Int +2) [potion of mutation]
   465 | D        | Noticed a spiny frog
   465 | D        | Noticed a spiny frog
   473 | D        | Reached skill level 15 in Fighting
   478 | D        | Killed a spiny frog
   480 | D        | Killed a spiny frog
   480 | D        | Received a gift from Trog
   480 | D        | Reached skill level 17 in Axes
   505 | D        | Got a pitted great sword {god gift}
   506 | D        | Identified the +2 great sword of Tenacity {drain, -Tele Str+4 Int-5 Dex+6} (Trog gifted it to you in the Dungeon)
   701 | D        | Noticed a black mamba
   705 | D        | Killed a black mamba
   705 | D        | Reached XP level 10. HP: 117/117 MP: 9/9
   707 | D        | Reached skill level 18 in Axes
   711 | D        | Reached ****** piety under Trog
   715 | D        | Received a gift from Trog
   905 | D        | Noticed a spiny frog
   905 | D        | Noticed a spiny frog
   920 | D        | Killed a spiny frog
   920 | D        | Reached skill level 19 in Axes
   921 | D        | Killed a spiny frog
   921 | D        | Received a gift from Trog
   932 | D        | Reached skill level 10 in Dodging
  1309 | D        | Noticed Grum
  1320 | D        | Killed Grum
  1324 | D        | Reached skill level 1 in Stealth
  1463 | D        | Noticed Harold
  1478 | D        | Killed Harold
  1478 | D        | Reached skill level 20 in Axes
  1522 | D        | Received a gift from Trog
  1522 | D        | Reached XP level 11. HP: 129/129 MP: 3/10
  1543 | D        | Received a gift from Trog
  1667 | D        | Received a gift from Trog
  1688 | D        | Received a gift from Trog
  1972 | D        | Found Aledwomp's Food Emporium.
  1972 | D        | Noticed an orc knight
  1972 | D        | Noticed an orc knight
  1972 | D        | Noticed an orc high priest
  1972 | D        | Noticed an orc high priest
  1972 | D        | Noticed an orc knight
  1974 | D        | Noticed an orc high priest
  1978 | D        | Killed an orc knight
  1982 | D        | Killed an orc knight
  1983 | D        | Found Bucaad's Weapon Shoppe.
  1983 | D        | Noticed an orc high priest
  1985 | D        | Killed an orc high priest
  1985 | D        | Reached skill level 21 in Axes
  1987 | D        | Noticed a sun demon
  1988 | D        | Noticed a sixfirhy
  1989 | D        | Killed an orc high priest
  1990 | D        | Found Hisih's Book Emporium.
  1994 | D        | Killed an orc knight
  1994 | D        | Slain by a sixfirhy

Skill      XL: |  1  2  3  4  5  6  7  8  9 10 11 |
---------------+----------------------------------+-----
Fighting       | 7 9 10 12 13 14 16 17 18 | 18.9
Axes           | 7 9 10 13 14 15 17 20 21 | 21.4
Armour         | 3 4 5 6 7 8 |  8.9
Dodging        | 3 4 6 7 9 10 11 | 11.6
Stealth        | 1 2 |  2.0

Action                   |  1- 3 |  4- 6 |  7- 9 | 10-12 || total
-------------------------+-------+-------+-------+-------++-------
Melee: Hand axe          |    12 |    10 |       |       ||    22
       Headbutt          |     1 |     6 |     6 |    31 ||    44
       Broad axe         |       |    19 |     7 |       ||    26
       Battleaxe         |       |       |    22 |    14 ||    36
       War axe           |       |       |       |    80 ||    80
       Executioner's axe |       |       |       |    39 ||    39
Invok: Berserk           |     1 |     2 |     2 |     4 ||     9
  Use: Potion            |       |       |     2 |     2 ||     4
  Eat: Chunk             |       |       |     3 |     8 ||    11
Armor: Animal skin       |     1 |     1 |     2 |     8 ||    12
       Chain mail        |       |       |       |     1 ||     1
Dodge: Dodged            |     7 |    16 |    14 |    70 ||   107
